[Event "RUS-chT Premier 2019"]
[Site "Sochi"]
[Date "2019.05.10"]
[Round "9.6"]
[White "Golikov, Daniil"]
[Black "Toropov, Pavel"]
[Result "0-1"]
[ECO "D12"]
[WhiteElo "2271"]
[BlackElo "2327"]
[Annotator "NA"]
[PlyCount "64"]
[EventDate "2019.05.01"]
[EventType "team-tourn"]
[EventCountry "RUS"]
[SourceTitle "playchess.com"]
[Source "ChessBase"]
[SourceQuality "1"]
[TimeControl "40/5400+30:1800+30"]

1. c4 c6 2. Nf3 d5 3. e3 Nf6 4. d4 Bf5 5. Nc3 e6 6. Nh4 Be4 7. f3 Bg6 8. Qb3 Qc7 9. Bd2 {[%emt 0:04:12] D12: Slav Defence: 3 Nf3 Nf6 4 e3 Bf5} Nbd7 (9... Be7 10. cxd5 Nxd5 11. Nxg6 hxg6 12. O-O-O Nd7 13. Nxd5 cxd5+ 14. Kb1 a6 15. Rc1 Qb8 16. Bb4 a5 {½-½ (51) Eljanov,P (2680)-Postny,E (2623) chess.com INT 2019}) 10. Nxg6 hxg6 11. O-O-O dxc4 12. Bxc4 b5 13. Bd3 a6 14. Ne4 $146 ({Predecessor:} 14. Qc2 c5 15. Ne4 Rc8 16. dxc5 Nxe4 17. Bxe4 {0-1 (63) Hoegl,E (1798)-Hofer,E (2036) Woerth 2014}) 14... c5 15. dxc5 Nxe4 16. Bxe4 Nxc5 17. Qc2 Rc8 18. Kb1 Nxe4 19. Qxe4 Qc6 20. Qd3 Rd8 21. Qe2 Rh5 22. Rc1 Rc5 23. Rxc5 Bxc5 24. Rc1 Qb6 25. e4 Qd6 26. Bg5 f6 27. e5 Qd5 $11 28. Qc2 fxg5 29. Qxc5 Qd3+ 30. Ka1 Kf7 31. Qa7+ Rd7 32. Qxa6 Qc2 0-1

[Event "RUS-chT Premier 2019"]
[Site "Sochi"]
[Date "2019.05.10"]
[Round "9.7"]
[White "Bocharov, Ivan"]
[Black "Iljiushenok, Ilia"]
[Result "1/2-1/2"]
[ECO "B12"]
[WhiteElo "2568"]
[BlackElo "2534"]
[Annotator "ChessBase"]
[PlyCount "46"]
[EventDate "2019.05.01"]
[EventType "team-tourn"]
[EventCountry "RUS"]
[SourceTitle "playchess.com"]
[Source "ChessBase"]
[SourceQuality "1"]
[TimeControl "40/5400+30:1800+30"]

1. e4 c6 2. d4 d5 3. e5 c5 4. dxc5 e6 5. a3 Bxc5 6. b4 Bb6 7. Qg4 Ne7 8. Qxg7 Rg8 9. Qxh7 Bd4 10. Ra2 Bxe5 11. Nf3 Bf6 12. Bb2 Nd7 13. Bb5 Bxb2 14. Rxb2 Qc7 15. O-O a6 16. Bxd7+ Bxd7 17. Rb3 O-O-O 18. Qxf7 Nc6 19. b5 Rdf8 20. Qh7 Rh8 21. Qg7 Rhg8 22. Qh7 Rh8 23. Qg7 Rhg8 1/2-1/2

[Event "RUS-chT Premier 2019"]
[Site "Sochi"]
[Date "2019.05.10"]
[Round "9.8"]
[White "Nozdrachev, Vladislav"]
[Black "Khanin, Semen"]
[Result "1/2-1/2"]
[ECO "B47"]
[WhiteElo "2489"]
[BlackElo "2524"]
[Annotator "ChessBase"]
[PlyCount "114"]
[EventDate "2019.05.01"]
[EventType "team-tourn"]
[EventCountry "RUS"]
[SourceTitle "playchess.com"]
[Source "ChessBase"]
[SourceQuality "1"]
[TimeControl "40/5400+30:1800+30"]

1. e4 c5 2. Nf3 e6 3. d4 cxd4 4. Nxd4 Nc6 5. Nc3 Qc7 6. g3 a6 7. Bg2 d6 8. O-O Bd7 9. Nce2 Nf6 10. b3 Nxd4 11. Nxd4 e5 12. Ne2 b5 13. Ba3 Bc6 14. Nc3 Be7 15. Nd5 Nxd5 16. exd5 Bd7 17. Rc1 O-O 18. Qd2 Qb6 19. c4 Rac8 20. Kh1 f5 21. Rfe1 Rfe8 22. f4 e4 23. g4 Bh4 24. Re2 e3 25. Qd3 fxg4 26. Bb2 bxc4 27. bxc4 Bf6 28. Bxf6 gxf6 29. Be4 Re7 30. Bf5 Rce8 31. Bxd7 Rxd7 32. Qf5 Rf7 33. Qxg4+ Rg7 34. Qh5 Ree7 35. Rd1 Qb4 36. Qf3 Qxc4 37. Rxe3 Rxe3 38. Qxe3 h6 39. Qe6+ Kh8 40. Rg1 Qxf4 41. Qc8+ Kh7 42. Rxg7+ Kxg7 43. Qxa6 Qe4+ 44. Kg1 Qd4+ 45. Kf1 Qxd5 46. Kg1 Qd4+ 47. Kf1 Qf4+ 48. Kg1 Qe3+ 49. Kf1 Qf3+ 50. Kg1 d5 51. a4 Qe3+ 52. Kf1 Kg6 53. a5 d4 54. Qe2 Qc1+ 55. Kf2 Qf4+ 56. Ke1 Qc1+ 57. Kf2 Qf4+ 1/2-1/2

[Event "RUS-chT Premier 2019"]
[Site "Sochi"]
[Date "2019.05.10"]
[Round "9.9"]
[White "Tsydypov, Zhamsaran"]
[Black "Chernobay, Artem"]
[Result "1-0"]
[ECO "B31"]
[WhiteElo "2546"]
[BlackElo "2503"]
[Annotator "ChessBase"]
[PlyCount "53"]
[EventDate "2019.05.01"]
[EventType "team-tourn"]
[EventCountry "RUS"]
[SourceTitle "playchess.com"]
[Source "ChessBase"]
[SourceQuality "1"]
[TimeControl "40/5400+30:1800+30"]

1. e4 c5 2. Nf3 Nc6 3. Bb5 g6 4. Bxc6 dxc6 5. d3 Bg7 6. Nc3 Nf6 7. h3 Nd7 8. Be3 e5 9. Qd2 h6 10. a3 b6 11. O-O Nf8 12. b4 Ne6 13. bxc5 f5 14. exf5 gxf5 15. Rae1 f4 16. Nxe5 fxe3 17. Qxe3 O-O 18. Nxc6 Qh4 19. Nd5 Nxc5 20. d4 Ba6 21. dxc5 Kh7 22. f4 Bxf1 23. Qe4+ Kh8 24. Nce7 Rfe8 25. Kxf1 Qh5 26. Ng6+ Kh7 27. Nde7 1-0

[Event "RUS-chT Premier 2019"]
[Site "Sochi"]
[Date "2019.05.10"]
[Round "9.10"]
[White "Bykov, Oleg"]
[Black "Bocharov, Dmitry"]
[Result "0-1"]
[ECO "A41"]
[WhiteElo "2395"]
[BlackElo "2530"]
[Annotator "ChessBase"]
[PlyCount "104"]
[EventDate "2019.05.01"]
[EventType "team-tourn"]
[EventCountry "RUS"]
[SourceTitle "playchess.com"]
[Source "ChessBase"]
[SourceQuality "1"]
[TimeControl "40/5400+30:1800+30"]

1. d4 d6 2. Nf3 Nf6 3. c4 g6 4. Nc3 Bf5 5. Nh4 Bd7 6. Nf3 Bf5 7. Nh4 Bd7 8. Nf3 Bg7 9. e4 e5 10. Be2 O-O 11. O-O Re8 12. d5 a5 13. Ne1 c6 14. Be3 Na6 15. dxc6 Bxc6 16. f3 Nc5 17. Nc2 Nh5 18. Qd2 Nf4 19. Rfd1 f5 20. exf5 gxf5 21. Bf1 Qg5 22. Nd5 Nce6 23. g3 Qg6 24. Kh1 Nh5 25. Bd3 Qf7 26. Qg2 Kh8 27. Qh3 f4 28. gxf4 exf4 29. Bf2 Bxb2 30. Rab1 Be5 31. Rg1 Rg8 32. Bh4 Nc5 33. Bf5 Raf8 34. Ne7 Ng3+ 35. hxg3 Bxf3+ 36. Rg2 Rg7 37. Ne1 Bxg2+ 38. Nxg2 fxg3 39. Rg1 Bf6 40. Nd5 Be5 41. Nge3 Qh5 42. Bg4 Qh6 43. Bf5 Rxf5 44. Nxf5 g2+ 45. Qxg2 Rxg2 46. Rxg2 Qc1+ 47. Rg1 Qb2 48. Bf6+ Bxf6 49. Nh6 Bg7 50. Ne7 Qf2 51. Nhf5 Qf3+ 52. Rg2 Qf1+ 0-1

[Event "RUS-chT Premier 2019"]
[Site "Sochi"]
[Date "2019.05.10"]
[Round "9.11"]
[White "Kezin, Roman"]
[Black "Ofitserian, Boris"]
[Result "1-0"]
[ECO "A34"]
[WhiteElo "2468"]
[BlackElo "2413"]
[Annotator "ChessBase"]
[PlyCount "73"]
[EventDate "2019.05.01"]
[EventType "team-tourn"]
[EventCountry "RUS"]
[SourceTitle "playchess.com"]
[Source "ChessBase"]
[SourceQuality "1"]
[TimeControl "40/5400+30:1800+30"]

1. c4 Nf6 2. Nc3 c5 3. Nf3 d5 4. cxd5 Nxd5 5. e3 Nxc3 6. bxc3 g6 7. Bb5+ Nd7 8. O-O Bg7 9. d4 O-O 10. a4 Qc7 11. Qe2 b6 12. e4 a6 13. Bd3 e5 14. d5 Nf6 15. Nd2 Ne8 16. c4 Nd6 17. Bb2 g5 18. a5 b5 19. Nb3 f5 20. Rac1 Rb8 21. cxb5 fxe4 22. b6 exd3 23. bxc7 Rxb3 24. Qd2 Rf4 25. f3 c4 26. Bc3 Nb5 27. Ba1 Nd6 28. Rb1 Rb5 29. Rxb5 Nxb5 30. g3 Rf5 31. Rc1 Nd6 32. Qe3 h5 33. h3 Kh7 34. g4 Rf7 35. Bc3 Rxc7 36. Bb4 Nb5 37. Rxc4 1-0

[Event "RUS-chT Premier 2019"]
[Site "Sochi"]
[Date "2019.05.10"]
[Round "9.12"]
[White "Nozdrachev, Leonid"]
[Black "Murzin, Volodar"]
[Result "1-0"]
[ECO "D10"]
[WhiteElo "2367"]
[BlackElo "2407"]
[Annotator "ChessBase"]
[PlyCount "105"]
[EventDate "2019.05.01"]
[EventType "team-tourn"]
[EventCountry "RUS"]
[SourceTitle "playchess.com"]
[Source "ChessBase"]
[SourceQuality "1"]
[TimeControl "40/5400+30:1800+30"]

1. d4 d5 2. c4 c6 3. Nc3 dxc4 4. e3 b5 5. a4 b4 6. Ne4 Qd5 7. Nd2 c3 8. bxc3 bxc3 9. Nb1 Qa5 10. Qc2 Na6 11. Qxc3 Nb4 12. Bd2 e6 13. Nf3 Nf6 14. Bc4 Be7 15. O-O O-O 16. Na3 Bb7 17. Qb3 c5 18. Ne5 Qc7 19. Nb5 Qc8 20. Rfc1 a6 21. Bxb4 cxb4 22. Bf1 Qd8 23. Nc3 Qb8 24. Na2 a5 25. Bb5 Bd6 26. f4 Bxe5 27. fxe5 Ne4 28. Qd3 Bd5 29. Bc6 Ra7 30. Bxd5 exd5 31. Rc6 Qb7 32. Rc2 Qd7 33. Nc1 Rc8 34. Nb3 Rxc2 35. Qxc2 Rc7 36. Qb2 Qc8 37. Rc1 Rxc1+ 38. Nxc1 Qc4 39. Nb3 Qd3 40. Qc1 Nc3 41. Kh1 Qa6 42. h3 g6 43. Kh2 Kg7 44. Nc5 Qe2 45. Nb3 Qa6 46. Nc5 Qc4 47. Qe1 Qe2 48. Qh4 Ne4 49. Nxe4 dxe4 50. Qf6+ Kg8 51. d5 b3 52. e6 fxe6 53. dxe6 1-0

[Event "RUS-chT Premier 2019"]
[Site "Sochi"]
[Date "2019.05.10"]
[Round "9.14"]
[White "Zvjaginsev, Vadim"]
[Black "Alekseev, Evgeny"]
[Result "1-0"]
[ECO "B40"]
[WhiteElo "2635"]
[BlackElo "2647"]
[Annotator "RC"]
[PlyCount "99"]
[EventDate "2019.05.01"]
[EventType "team-tourn"]
[EventCountry "RUS"]
[SourceTitle "playchess.com"]
[Source "ChessBase"]
[SourceQuality "1"]
[TimeControl "40/5400+30:1800+30"]

1. Nf3 c5 2. e4 e6 3. g3 Nc6 4. d4 cxd4 5. Nxd4 Nxd4 6. Qxd4 Ne7 7. Bg2 Nc6 8. Qd2 b5 9. O-O Be7 10. Nc3 Rb8 11. b3 O-O 12. Bb2 d6 13. Nd1 Qa5 14. Qxa5 Nxa5 15. Ne3 Bd7 16. Rfd1 Rfd8 17. Rac1 Be8 18. h4 Kf8 19. f4 Rdc8 20. f5 e5 21. Nd5 Bd8 22. Bf1 Nc6 23. c3 Ne7 24. Ba3 Nxd5 25. Rxd5 b4 26. cxb4 Rxc1 27. Bxc1 Bc6 28. Rxd6 Bb6+ 29. Kh2 Bxe4 30. f6 gxf6 31. Rxf6 Rd8 32. Bh6+ Kg8 33. Bc4 Rd7 34. h5 Rd1 35. Bxf7+ Kh8 36. Kh3 Bd8 37. Rf2 Bb6 38. Rf6 Bd8 39. Rf2 Bb6 40. Rd2 Rh1+ 41. Rh2 Rd1 42. Bc4 Rg1 43. Kg4 Bg2 44. Bf8 e4 45. h6 Bf3+ 46. Kf4 Bc7+ 47. Kf5 Rxg3 48. Bg7+ Rxg7 49. hxg7+ Kxg7 50. Rd2 1-0

[Event "RUS-chT Premier 2019"]
[Site "Sochi"]
[Date "2019.05.10"]
[Round "9.17"]
[White "Romanov, Evgeny"]
[Black "Popov, Ivan"]
[Result "1/2-1/2"]
[ECO "D03"]
[WhiteElo "2573"]
[BlackElo "2600"]
[Annotator "ChessBase"]
[PlyCount "61"]
[EventDate "2019.05.01"]
[EventType "team-tourn"]
[EventCountry "RUS"]
[SourceTitle "playchess.com"]
[Source "ChessBase"]
[SourceQuality "1"]
[TimeControl "40/5400+30:1800+30"]

1. d4 d5 2. Nf3 Nf6 3. Bg5 Ne4 4. Bh4 c5 5. dxc5 f6 6. Nbd2 Nxc5 7. Nb3 Nc6 8. Nxc5 Qa5+ 9. c3 Qxc5 10. Nd2 e5 11. e4 Be6 12. exd5 Qxd5 13. Qb3 O-O-O 14. Qxd5 Bxd5 15. f3 Bc5 16. Ne4 Bb6 17. Bf2 Bxf2+ 18. Nxf2 e4 19. fxe4 Bxe4 20. Nxe4 Rhe8 21. Be2 Rxe4 22. Rd1 Rde8 23. Rd2 Ne5 24. Kd1 Nc4 25. Bxc4 Rxc4 26. Re1 Rxe1+ 27. Kxe1 Kc7 28. Re2 Kd7 29. Rd2+ Kc7 30. Re2 Kd7 31. Rd2+ 1/2-1/2

[Event "RUS-chT Premier 2019"]
[Site "Sochi"]
[Date "2019.05.10"]
[Round "9.18"]
[White "Gordievsky, Dmitry"]
[Black "Rozum, Ivan"]
[Result "1/2-1/2"]
[ECO "A30"]
[WhiteElo "2585"]
[BlackElo "2568"]
[Annotator "ChessBase"]
[PlyCount "106"]
[EventDate "2019.05.01"]
[EventType "team-tourn"]
[EventCountry "RUS"]
[SourceTitle "playchess.com"]
[Source "ChessBase"]
[SourceQuality "1"]
[TimeControl "40/5400+30:1800+30"]

1. Nf3 Nf6 2. c4 b6 3. g3 Bb7 4. Bg2 c5 5. O-O e6 6. Nc3 Be7 7. b3 O-O 8. Bb2 d5 9. e3 Qc8 10. Qe2 Rd8 11. Rfc1 Nc6 12. cxd5 exd5 13. d4 cxd4 14. Nxd4 Nxd4 15. exd4 Qd7 16. Nb5 Ba6 17. a4 Rac8 18. Qf1 Ne4 19. Bh3 f5 20. Qd3 Bb4 21. Rxc8 Rxc8 22. Rc1 g6 23. Rxc8+ Bxc8 24. f3 Ng5 25. Bg2 a6 26. Nc3 Bf8 27. Ne2 Ne6 28. Bc1 Bg7 29. Be3 Bb7 30. Nf4 Nxf4 31. Bxf4 b5 32. axb5 Qxb5 33. Qe3 Qb6 34. Qe8+ Bf8 35. Bf1 Qxd4+ 36. Kg2 Qg7 37. Bxa6 Bxa6 38. Qe6+ Qf7 39. Qxa6 Qd7 40. Be5 Bg7 41. Bf4 Bc3 42. Qd3 Qc6 43. Be3 d4 44. Bh6 Kf7 45. Kf2 Qd5 46. Qc4 Qxc4 47. bxc4 Ke6 48. Ke2 Kd6 49. Kd3 Kc5 50. Bf8+ Kc6 51. Bg7 Kc5 52. Be5 Bb2 53. Bb8 Kb6 {[%emt 0:00:16] Ke4} 1/2-1/2

[Event "RUS-chT Premier 2019"]
[Site "Sochi"]
[Date "2019.05.10"]
[Round "9.24"]
[White "Ivanov, Sergey"]
[Black "Khismatullin, Denis"]
[Result "0-1"]
[ECO "D51"]
[WhiteElo "2504"]
[BlackElo "2619"]
[Annotator "RC"]
[PlyCount "78"]
[EventDate "2019.05.01"]
[EventType "team-tourn"]
[EventCountry "RUS"]
[SourceTitle "playchess.com"]
[Source "ChessBase"]
[SourceQuality "1"]
[TimeControl "40/5400+30:1800+30"]

1. d4 Nf6 2. c4 e6 3. Nc3 d5 4. Bg5 Nbd7 5. e3 c6 6. a3 Be7 7. Nf3 O-O 8. Qc2 a6 9. Rd1 b6 10. Bd3 Bb7 11. O-O dxc4 12. Bxc4 c5 13. dxc5 Qc7 14. Be2 Nxc5 15. Bf4 Qc6 16. Rc1 Rfc8 17. Rfd1 Qe8 18. b4 Nce4 19. Qb3 Nxc3 20. Rxc3 Rxc3 21. Qxc3 Nd5 22. Qb2 a5 23. Be5 axb4 24. axb4 f6 25. Bd4 Nxb4 26. Bc4 Bd5 27. Bxd5 Nxd5 28. e4 Qa4 29. Rf1 Nb4 30. Bxb6 Qc6 31. Qd4 Ra6 32. Bd8 Bc5 33. Qd1 Qxe4 34. Bc7 Nd5 35. Qb3 Bb4 36. Bg3 Ra3 37. Qb2 Nc3 38. Re1 Qc4 39. Ra1 Qb3 0-1

[Event "RUS-chT Premier 2019"]
[Site "Sochi"]
[Date "2019.05.10"]
[Round "9.30"]
[White "Kryakvin, Dmitry"]
[Black "Goganov, Aleksey"]
[Result "1-0"]
[ECO "B13"]
[WhiteElo "2588"]
[BlackElo "2570"]
[Annotator "ChessBase"]
[PlyCount "90"]
[EventDate "2019.05.01"]
[EventType "team-tourn"]
[EventCountry "RUS"]
[SourceTitle "playchess.com"]
[Source "ChessBase"]
[SourceQuality "1"]
[TimeControl "40/5400+30:1800+30"]

1. c4 c6 2. e4 d5 3. exd5 cxd5 4. d4 Nf6 5. Nc3 Nc6 6. Bg5 Be6 7. Bxf6 exf6 8. c5 g6 9. Bb5 Bg7 10. Nge2 O-O 11. O-O Qc7 12. Qd2 a5 13. Rac1 f5 14. Ba4 Qe7 15. Nb5 Qh4 16. g3 Qf6 17. Rc3 g5 18. f4 gxf4 19. gxf4 Rae8 20. Rg3 Bd7 21. Nec3 Be6 22. Kh1 Ne7 23. Bb3 Rd8 24. Qg2 Kh8 25. Qf3 Bd7 26. Rfg1 Ng6 27. Bxd5 Bc6 28. Nd6 Rxd6 29. cxd6 Qxd6 30. Bxc6 bxc6 31. d5 cxd5 32. Qxd5 Qxf4 33. Qxa5 Rb8 34. Qa4 Qf2 35. R3g2 Qf3 36. Qd1 Qc6 37. Qd5 Qf6 38. Rf2 f4 39. Ne4 Qd4 40. Rd1 Qxd5 41. Rxd5 Bxb2 42. Nd6 Bf6 43. Rb5 Ra8 44. Rc2 Ra6 45. Rc8+ Kg7 1-0